Coyotes vs Sabres
(R1)
Created - April 2, 2018 at 19:44
Goals
|
| Coyotes |
1 |
3 |
0 |
4 |
| Sabres |
0 |
1 |
1 |
2 |
|
Shots
|
| Coyotes |
10 |
10 |
17 |
37 |
| Sabres |
10 |
5 |
10 |
25 |
|
1st period
1. Coyotes , Tyler Ennis 24 (Jarome Iginla 25) at 16:05
Penalties :
Darcy Hordichuk (Buf) for Hooking (Minor) at 4:46
2nd period
2. Coyotes , Brooks Laich 3 (Michael Del Zotto 23, Martin Samuelsson 11) at 1:26
3. Sabres , Ilya Kovalchuk 38 (Vincent Lecavalier 29, Jared Cowen 27) at 6:07
4. Coyotes , Maxim Talbot 6 (Chris Stewart 12, Kristopher Letang 40) at 8:43
5. Coyotes , Chris Stewart 16 (Maxim Talbot 13, Jarome Iginla 26) at 19:41
Penalties :
Vincent Lecavalier (Buf) for Tripping (Minor) at 11:02
3rd period
6. Sabres , Zach Bogosian 17 (Michael Kostka 25, Andrei Loktionov 40) at 19:34 (PP)
Penalties :
Evander Kane (Buf) for Hooking (Minor) at 14:17, Marian Gaborik (Ari) for Tripping (Minor) at 18:50
Goalie Stats
Maxime Daigneault (Ari), 23 saves from 25 shots - (0.920), W, 12-2-2, 60:00 minutes
Robin Lehner (Buf), 33 saves from 37 shots - (0.892), L, 35-17-3, 60:00 minutes
Players Stats for Coyotes
Player Name G A P +/- PIM S H SB GA TA FO MP PP MP PK MP
------------------------------------------------------------------------------------
Anton Stralman 0 0 0 1 0 3 2 4 0 0 0/0 25:06 3:43 0:00
Brad Richards 0 0 0 0 0 1 1 2 1 0 15/29 20:46 3:20 0:00
Brooks Laich 1 0 1 1 0 2 0 1 1 0 0/1 9:26 0:00 0:00
Chris Neil 0 0 0 1 0 1 0 0 0 0 0/1 9:26 0:00 0:00
Chris Stewart 1 1 2 1 0 4 1 1 0 0 0/0 11:19 0:10 0:00
Greg Zanon 0 0 0 1 0 0 3 3 0 0 0/0 15:33 0:00 0:44
Jarome Iginla 0 2 2 1 0 3 3 1 0 0 0/0 17:53 2:34 0:00
Josh Gorges 0 0 0 1 0 0 1 2 1 0 0/0 20:05 2:14 0:44
Kristopher Letang 0 1 1 1 0 0 0 0 0 1 0/0 25:06 3:43 0:00
Marian Gaborik 0 0 0 0 2 3 3 0 0 0 0/1 20:40 3:16 0:00
Mark Bell 0 0 0 1 0 3 0 0 0 0 0/1 11:08 0:00 0:00
Martin Samuelsson 0 1 1 1 0 2 2 0 0 0 0/0 10:10 0:00 0:44
Matt Donovan 0 0 0 1 0 2 1 2 2 0 0/0 14:49 0:00 0:00
Maxim Talbot 1 1 2 1 0 1 0 0 0 0 4/6 12:00 0:07 0:44
Michael Del Zotto 0 1 1 1 0 0 2 0 1 1 0/0 19:21 2:14 0:00
Nazem Kadri 0 0 0 1 0 3 1 0 0 0 7/13 17:53 2:34 0:00
Tyler Ennis 1 0 1 1 0 5 1 0 1 0 1/2 17:53 2:34 0:00
Zach Parise 0 0 0 0 0 4 0 0 3 0 1/2 20:41 3:16 0:00
Players Stats for Sabres
Player Name G A P +/- PIM S H SB GA TA FO MP PP MP PK MP
------------------------------------------------------------------------------------
Andrei Loktionov 0 1 1 0 0 1 1 0 0 1 7/17 17:37 0:44 0:40
Brad Richardson 0 0 0 -2 0 1 1 0 0 0 0/0 7:47 0:00 0:00
Brandon Sutter 0 0 0 -1 0 0 0 0 0 0 5/13 16:47 0:00 3:01
Darcy Hordichuk 0 0 0 -2 2 0 1 0 0 0 0/0 9:17 0:00 1:27
Evander Kane 0 0 0 0 2 1 2 0 1 1 1/1 16:33 0:00 0:45
Ilya Kovalchuk 1 0 1 0 0 6 2 1 0 1 3/4 22:48 0:44 3:06
Jakub Kindl 0 0 0 -1 0 0 2 1 0 0 0/0 12:27 0:00 0:00
Jared Cowen 0 1 1 -2 0 1 0 2 0 1 0/0 22:27 0:00 2:33
Jordan Leopold 0 0 0 -1 0 0 2 1 0 1 0/0 12:27 0:00 0:00
Kyle Okposo 0 0 0 -1 0 2 3 0 0 1 2/4 18:53 0:00 0:00
Matt Martin 0 0 0 -1 0 0 0 0 0 1 0/0 12:30 0:00 1:31
Michael Kostka 0 1 1 -2 0 2 1 1 0 0 0/0 23:00 0:44 3:24
Rob Scuderi 0 0 0 0 0 3 1 0 0 1 0/0 24:33 0:00 2:33
Ryan O'Reilly 0 0 0 0 0 0 0 0 0 0 2/3 2:24 0:00 0:22
Scottie Upshall 0 0 0 0 0 1 1 1 0 1 2/2 15:38 0:00 0:00
Vincent Lecavalier 0 1 1 -1 2 4 3 0 0 0 6/12 22:10 0:00 1:02
Zach Bogosian 1 0 1 0 0 3 1 2 1 1 0/0 25:06 0:44 3:24
Zack Kassian 0 0 0 -1 0 0 1 1 0 0 0/0 11:36 0:44 0:00
3 Stars
1 - Chris Stewart (Ari)
2 - Maxim Talbot (Ari)
3 - Jarome Iginla (Ari)
Power Play
Coyotes - 0 on 3 Attempt(s) - 0.00%
Sabres - 1 on 1 Attempt(s) - 100.00%
Penalty Kill
Coyotes - 0 on 1 Attempt(s) - 0.00%
- Score 0 goal in Penalty Kill
Sabres - 3 on 3 Attempt(s) - 100.00%
- Score 0 goal in Penalty Kill
Team Stat
Coyotes - Hits : 21 - Faceoff Wins : 28 - Blocked Shots : 16 - Penalty Minutes : 2
Sabres - Hits : 22 - Faceoff Wins : 28 - Blocked Shots : 10 - Penalty Minutes : 6
Official
Referees : StPierre Justin and Joannette Marc
Linesman : Mark Shewchyk and Brad Kovachik
Game Notes
Ryan O'Reilly is injured at 9:07 of 1st period (Sore Left Knee)
15:16 of 1st period - Sabres goal is going for a video replay. After video review, No Goal. The puck has been directed, batted or thrown into the net by an attacking player other than with a stick.
Finance
Level 1 -- Attendance: 5985 (99.75%) -- Ticket Income $526,680
Level 2 -- Attendance: 5000 (100.00%) -- Ticket Income $270,000
Level 3 -- Attendance: 2000 (100.00%) -- Ticket Income $70,000
Level 4 -- Attendance: 4000 (100.00%) -- Ticket Income $108,000
Luxury Box -- Attendance: 1000 (100.00%) -- Ticket Income $162,000
Game was played at the Duff Garden.
Total Attendance: 17985 (99.92%)
Total Ticket Income: $1,136,680
Other Income: $170,502
Total Income: $1,307,182
Coyotes
5 vs 5 Forward
Center Left Wing Right Wing Time % Phy DF OF
1 Brad Richards Zach Parise Marian Gaborik 40 0 2 3
2 Nazem Kadri Tyler Ennis Jarome Iginla 35 0 2 3
3 Maxim Talbot Mark Bell Chris Stewart 15 1 2 2
4 Brooks Laich Martin Samuelsson Chris Neil 10 1 2 2
5 vs 5 Defense
Defense Defense Time % Phy DF OF
1 Kristopher Letang Anton Stralman 42 0 3 2
2 Josh Gorges Michael Del Zotto 32 0 3 2
3 Matt Donovan Greg Zanon 26 0 3 2
4 Kristopher Letang Anton Stralman 0 1 2 2
PowerPlay Forward
Center Left Wing Right Wing Time % Phy DF OF
1 Brad Richards Zach Parise Marian Gaborik 60 0 1 4
2 Nazem Kadri Tyler Ennis Jarome Iginla 40 0 1 4
PowerPlay Defense
Defense Defense Time % Phy DF OF
1 Kristopher Letang Anton Stralman 60 0 2 3
2 Josh Gorges Michael Del Zotto 40 0 2 3
Penalty Kill 4 Players Forward
Center Wing Time % Phy DF OF
1 Maxim Talbot Martin Samuelsson 60 1 3 1
2 Brad Richards Zach Parise 40 1 3 1
Penalty Kill 4 Players Defense
Defense Defense Time % Phy DF OF
1 Greg Zanon Josh Gorges 60 1 4 0
2 Anton Stralman Matt Donovan 40 1 4 0
Penalty Kill - 3 Players Forward
Forward Time % Phy DF OF
1 Zach Parise 60 1 3 1
2 Marian Gaborik 40 1 3 1
Penalty Kill - 3 Players Defense
Defense Defense Time % Phy DF OF
1 Kristopher Letang Anton Stralman 60 1 4 0
2 Greg Zanon Josh Gorges 40 1 4 0
4 vs 4 Forward
Center Wing Time % Phy DF OF
1 Brad Richards Marian Gaborik 60 1 2 2
2 Nazem Kadri Tyler Ennis 40 1 2 2
4 vs 4 Defense
Defense Defense Time % Phy DF OF
1 Kristopher Letang Anton Stralman 60 1 2 2
2 Josh Gorges Michael Del Zotto 40 1 2 2
Last Minutes Offensive
Center Left Wing Right Wing Defense Defense
Brad Richards Zach Parise Marian Gaborik Kristopher Letang Anton Stralman
Last Minutes Defensive
Center Left Wing Right Wing Defense Defense
Brad Richards Zach Parise Jarome Iginla Kristopher Letang Anton Stralman
Goaltenders
Starting : Maxime Daigneault
Backup : Cam Ward
Extra Forwards
Normal : Chris Stewart, Maxim Talbot, Brooks Laich - PP : Chris Stewart, Maxim Talbot - PK : Brooks Laich
Extra Defensemen
Normal : Michael Del Zotto, Josh Gorges, Matt Donovan - PP : Josh Gorges - PK : Michael Del Zotto, Matt Donovan
Penalty Shots
Zach Parise, Marian Gaborik, Tyler Ennis, Brad Richards, Nazem Kadri
Scratches
Enver Lisin (Healthy)
Sabres
5 vs 5 Forward
Center Left Wing Right Wing Time % Phy DF OF
1 Ryan O'Reilly Ilya Kovalchuk Kyle Okposo 37 0 2 3
2 Andrei Loktionov Evander Kane Scottie Upshall 32 0 2 3
3 Vincent Lecavalier Matt Martin Zack Kassian 21 0 2 3
4 Brandon Sutter Darcy Hordichuk Brad Richardson 10 0 4 1
5 vs 5 Defense
Defense Defense Time % Phy DF OF
1 Zach Bogosian Rob Scuderi 44 0 2 3
2 Jared Cowen Michael Kostka 40 0 4 1
3 Jakub Kindl Jordan Leopold 16 0 4 1
4 Michael Kostka Jared Cowen 0 0 3 2
PowerPlay Forward
Center Left Wing Right Wing Time % Phy DF OF
1 Andrei Loktionov Ilya Kovalchuk Zack Kassian 55 0 0 5
2 Vincent Lecavalier Evander Kane Kyle Okposo 45 0 0 5
PowerPlay Defense
Defense Defense Time % Phy DF OF
1 Zach Bogosian Michael Kostka 55 1 1 3
2 Jared Cowen Rob Scuderi 45 1 1 3
Penalty Kill 4 Players Forward
Center Wing Time % Phy DF OF
1 Brandon Sutter Ilya Kovalchuk 60 0 5 0
2 Vincent Lecavalier Darcy Hordichuk 40 0 4 1
Penalty Kill 4 Players Defense
Defense Defense Time % Phy DF OF
1 Zach Bogosian Michael Kostka 60 0 5 0
2 Jared Cowen Rob Scuderi 40 0 4 1
Penalty Kill - 3 Players Forward
Forward Time % Phy DF OF
1 Brandon Sutter 60 0 5 0
2 Darcy Hordichuk 40 0 5 0
Penalty Kill - 3 Players Defense
Defense Defense Time % Phy DF OF
1 Michael Kostka Jared Cowen 60 0 5 0
2 Zach Bogosian Rob Scuderi 40 0 5 0
4 vs 4 Forward
Center Wing Time % Phy DF OF
1 Ryan O'Reilly Ilya Kovalchuk 60 1 2 2
2 Vincent Lecavalier Zack Kassian 40 1 2 2
4 vs 4 Defense
Defense Defense Time % Phy DF OF
1 Zach Bogosian Jakub Kindl 60 1 2 2
2 Michael Kostka Jared Cowen 40 1 2 2
Last Minutes Offensive
Center Left Wing Right Wing Defense Defense
Vincent Lecavalier Ilya Kovalchuk Kyle Okposo Zach Bogosian Michael Kostka
Last Minutes Defensive
Center Left Wing Right Wing Defense Defense
Brandon Sutter Ilya Kovalchuk Zack Kassian Zach Bogosian Jared Cowen
Goaltenders
Starting : Robin Lehner
Backup : Jonas Hiller
Extra Forwards
Normal : Ilya Kovalchuk, Kyle Okposo, Vincent Lecavalier - PP : Kyle Okposo, Vincent Lecavalier - PK : Matt Martin
Extra Defensemen
Normal : Zach Bogosian, Rob Scuderi, Jared Cowen - PP : Jakub Kindl - PK : Rob Scuderi, Michael Kostka
Penalty Shots
Ilya Kovalchuk, Vincent Lecavalier, Evander Kane, Darcy Hordichuk, Scottie Upshall
Scratches
Wade Redden (Healthy)
% Time on Ice - Coyotes
Lines # - Real PCT - Wanted PCT - Time Play
Normal Forward
1 - 33% - 40% - 17:26
2 - 29% - 35% - 15:19
3 - 21% - 15% - 11:08
4 - 18% - 10% - 9:26
Normal Defense
1 - 40% - 42% - 21:23
2 - 32% - 32% - 17:07
3 - 28% - 26% - 14:49
4 - 0% - 0% - 0:00
PP Forward
1 - 57% - 60% - 3:23
2 - 43% - 40% - 2:34
PP Defense
1 - 62% - 60% - 3:43
2 - 38% - 40% - 2:14
PK Forward
1 - 100% - 60% - 0:44
2 - 0% - 40% - 0:00
PK Defense
1 - 100% - 60% - 0:44
2 - 0% - 40% - 0:00
PK3 Forward
1 - 0% - 60%
2 - 0% - 40%
PK3 Defense
1 - 0% - 60%
2 - 0% - 40%
44 Forward
1 - 0% - 60%
2 - 0% - 40%
44 Defense
1 - 0% - 60%
2 - 0% - 40%
Last Minute Offensive - 0:00
Last Minute Defensive - 0:00
Total
Forward - 60:00
Defense - 60:00
|
% Time on Ice - Sabres
Lines # - Real PCT - Wanted PCT - Time Play
Normal Forward
1 - 36% - 37% - 19:02
2 - 29% - 32% - 15:38
3 - 20% - 21% - 10:52
4 - 15% - 10% - 7:47
Normal Defense
1 - 40% - 44% - 21:33
2 - 36% - 40% - 19:19
3 - 23% - 16% - 12:27
4 - 0% - 0% - 0:00
PP Forward
1 - 100% - 55% - 0:44
2 - 0% - 45% - 0:00
PP Defense
1 - 100% - 55% - 0:44
2 - 0% - 45% - 0:00
PK Forward
1 - 73% - 60% - 4:19
2 - 27% - 40% - 1:38
PK Defense
1 - 57% - 60% - 3:24
2 - 43% - 40% - 2:33
PK3 Forward
1 - 0% - 60%
2 - 0% - 40%
PK3 Defense
1 - 0% - 60%
2 - 0% - 40%
44 Forward
1 - 0% - 60%
2 - 0% - 40%
44 Defense
1 - 0% - 60%
2 - 0% - 40%
Last Minute Offensive - 0:00
Last Minute Defensive - 0:00
Total
Forward - 60:00
Defense - 60:00
|
Play by Play
1st period
0:01 of 1st period - Brad Richards wins face-off versus Ryan O'Reilly in neutral zone.
0:54 of 1st period - Snap shot by Brooks Laich.
0:54 of 1st period - Stopped by Robin Lehner without a rebound.
0:55 of 1st period - Brandon Sutter wins face-off versus Mark Bell in Sabres zone.
0:55 of 1st period - Brandon Sutter is hit by Greg Zanon.
1:31 of 1st period - Snap shot by Zach Parise.
1:31 of 1st period - Stopped by Robin Lehner without a rebound.
1:32 of 1st period - Andrei Loktionov wins face-off versus Nazem Kadri in Sabres zone.
1:43 of 1st period - Snap shot by Evander Kane.
1:43 of 1st period - Shot Blocked by Anton Stralman.
3:15 of 1st period - Wrist shot by Tyler Ennis.
3:15 of 1st period - Stopped by Robin Lehner without a rebound.
3:16 of 1st period - Ryan O'Reilly wins face-off versus Brad Richards in Sabres zone.
3:25 of 1st period - Backhand shot by Zach Parise.
3:25 of 1st period - Shot Misses the Net.
3:27 of 1st period - Wrist shot by Marian Gaborik.
3:27 of 1st period - Shot Misses the Net.
3:29 of 1st period - Wrist shot by Marian Gaborik.
3:29 of 1st period - Stopped by Robin Lehner with a rebound.
3:31 of 1st period - Wrist shot by Marian Gaborik.
3:31 of 1st period - Stopped by Robin Lehner with a rebound.
4:24 of 1st period - Off-side.
4:25 of 1st period - Brandon Sutter wins face-off versus Maxim Talbot in neutral zone.
4:28 of 1st period - Slapshot by Zach Bogosian.
4:28 of 1st period - Shot Misses the Net.
4:46 of 1st period - Minor Penalty to Darcy Hordichuk for Hooking.
4:47 of 1st period - Brad Richards wins face-off versus Brandon Sutter in Sabres zone.
6:05 of 1st period - Brandon Sutter is hit by Michael Del Zotto and loses puck.
6:42 of 1st period - Evander Kane is hit by Chris Stewart and loses puck.
6:46 of 1st period - Penalty to Darcy Hordichuk is over, Darcy Hordichuk is back on ice.
6:53 of 1st period - Slapshot by Zach Bogosian.
6:53 of 1st period - Shot Blocked by Josh Gorges.
6:55 of 1st period - Slapshot by Matt Martin.
6:55 of 1st period - Shot Blocked by Brooks Laich.
6:57 of 1st period - Slapshot by Michael Kostka.
6:57 of 1st period - Shot Misses the Net.
7:33 of 1st period - Greg Zanon is hit by Kyle Okposo and loses puck.
7:52 of 1st period - Snap shot by Vincent Lecavalier.
7:52 of 1st period - Stopped by Maxime Daigneault with a rebound.
8:09 of 1st period - Off-side.
8:10 of 1st period - Brad Richards wins face-off versus Ilya Kovalchuk in neutral zone.
8:13 of 1st period - Snap shot by Zach Parise.
8:13 of 1st period - Shot Blocked by Ilya Kovalchuk.
8:37 of 1st period - Wrist shot by Nazem Kadri.
8:37 of 1st period - Shot Misses the Net.
9:03 of 1st period - Snap shot by Brooks Laich.
9:03 of 1st period - Shot Misses the Net.
9:05 of 1st period - Slapshot by Matt Donovan.
9:05 of 1st period - Stopped by Robin Lehner without a rebound.
9:06 of 1st period - Ryan O'Reilly wins face-off versus Brad Richards in Sabres zone.
9:06 of 1st period - Ryan O'Reilly is hit by Josh Gorges.
9:07 of 1st period - Ryan O'Reilly from Sabres is injured at 9:07 of 1st period (Sore Left Knee).
9:08 of 1st period - Brad Richards wins face-off versus Vincent Lecavalier in Sabres zone.
9:11 of 1st period - Wrist shot by Brad Richards.
9:11 of 1st period - Shot Misses the Net.
9:13 of 1st period - Snap shot by Marian Gaborik.
9:13 of 1st period - Shot Misses the Net.
9:42 of 1st period - Snap shot by Tyler Ennis.
9:42 of 1st period - Deflect By Nazem Kadri.
9:42 of 1st period - Stopped by Robin Lehner with a rebound.
9:44 of 1st period - Wrist shot by Jarome Iginla.
9:44 of 1st period - Stopped by Robin Lehner with a rebound.
9:46 of 1st period - Wrist shot by Jarome Iginla.
9:46 of 1st period - Stopped by Robin Lehner without a rebound.
9:47 of 1st period - Vincent Lecavalier wins face-off versus Brad Richards in Sabres zone.
10:14 of 1st period - Nazem Kadri is hit by Scottie Upshall.
10:26 of 1st period - Slapshot by Scottie Upshall.
10:26 of 1st period - Shot Misses the Net.
10:42 of 1st period - Josh Gorges is hit by Michael Kostka and loses puck.
11:00 of 1st period - Off-side.
11:01 of 1st period - Ilya Kovalchuk wins face-off versus Brooks Laich in neutral zone.
11:34 of 1st period - Wrist shot by Ilya Kovalchuk.
11:34 of 1st period - Stopped by Maxime Daigneault with a rebound.
11:36 of 1st period - Slapshot by Vincent Lecavalier.
11:36 of 1st period - Deflect By Martin Samuelsson.
11:36 of 1st period - Stopped by Maxime Daigneault with a rebound.
11:38 of 1st period - Slapshot by Rob Scuderi.
11:38 of 1st period - Shot Blocked by Matt Donovan.
11:42 of 1st period - Wrist shot by Ilya Kovalchuk.
11:42 of 1st period - Stopped by Maxime Daigneault with a rebound.
11:44 of 1st period - Wrist shot by Rob Scuderi.
11:44 of 1st period - Shot Misses the Net.
11:46 of 1st period - Slapshot by Zach Bogosian.
11:46 of 1st period - Deflect By Kyle Okposo.
11:46 of 1st period - Shot Misses the Net.
11:46 of 1st period - Puck is out of play.
11:47 of 1st period - Andrei Loktionov wins face-off versus Brad Richards in Coyotes zone.
12:35 of 1st period - Slapshot by Anton Stralman.
12:35 of 1st period - Shot Blocked by Zach Bogosian.
12:41 of 1st period - Snap shot by Chris Stewart.
12:41 of 1st period - Shot Blocked by Zach Bogosian.
12:52 of 1st period - Icing by Rob Scuderi.
12:53 of 1st period - Vincent Lecavalier wins face-off versus Brad Richards in Sabres zone.
14:13 of 1st period - Slapshot by Maxim Talbot.
14:13 of 1st period - Shot Misses the Net.
14:36 of 1st period - Icing by Zach Parise.
14:37 of 1st period - Zach Parise wins face-off versus Brandon Sutter in Coyotes zone.
14:54 of 1st period - Slapshot by Anton Stralman.
14:54 of 1st period - Shot Blocked by Michael Kostka.
15:10 of 1st period - Snap shot by Vincent Lecavalier.
15:10 of 1st period - Shot Misses the Net.
15:12 of 1st period - Wrist shot by Ilya Kovalchuk.
15:12 of 1st period - Shot Blocked by Brad Richards.
15:14 of 1st period - Snap shot by Kyle Okposo.
15:14 of 1st period - Shot Misses the Net.
15:16 of 1st period - Slapshot by Kyle Okposo.
15:16 of 1st period - Deflect By Vincent Lecavalier.
15:16 of 1st period - Sabres goal is going for a video replay.
15:16 of 1st period - The goal is refused. The puck has been directed, batted or thrown into the net by an attacking player other than with a stick..
15:17 of 1st period - Nazem Kadri wins face-off versus Andrei Loktionov in Coyotes zone.
15:26 of 1st period - Wrist shot by Nazem Kadri.
15:26 of 1st period - Shot Misses the Net.
15:48 of 1st period - Jarome Iginla is hit by Ilya Kovalchuk and loses puck.
16:01 of 1st period - Snap shot by Tyler Ennis.
16:01 of 1st period - Shot Misses the Net.
16:03 of 1st period - Slapshot by Tyler Ennis.
16:03 of 1st period - Shot Misses the Net.
16:05 of 1st period - Wrist shot by Tyler Ennis.
16:05 of 1st period - Goal by Tyler Ennis - Coyotes : 1 - Sabres : 0.
16:06 of 1st period - Vincent Lecavalier wins face-off versus Marian Gaborik in neutral zone.
16:09 of 1st period - Slapshot by Michael Kostka.
16:09 of 1st period - Shot Blocked by Matt Donovan.
16:11 of 1st period - Slapshot by Jared Cowen.
16:11 of 1st period - Stopped by Maxime Daigneault with a rebound.
16:13 of 1st period - Slapshot by Michael Kostka.
16:13 of 1st period - Stopped by Maxime Daigneault without a rebound.
16:14 of 1st period - Brad Richards wins face-off versus Vincent Lecavalier in Coyotes zone.
16:48 of 1st period - Icing by Marian Gaborik.
16:49 of 1st period - Brad Richards wins face-off versus Andrei Loktionov in Coyotes zone.
16:58 of 1st period - Wrist shot by Andrei Loktionov.
16:58 of 1st period - Stopped by Maxime Daigneault with a rebound.
17:05 of 1st period - Off-side.
17:06 of 1st period - Vincent Lecavalier wins face-off versus Nazem Kadri in neutral zone.
17:11 of 1st period - Snap shot by Vincent Lecavalier.
17:11 of 1st period - Shot Misses the Net.
17:13 of 1st period - Slapshot by Ilya Kovalchuk.
17:13 of 1st period - Stopped by Maxime Daigneault with a rebound.
17:15 of 1st period - Slapshot by Michael Kostka.
17:15 of 1st period - Shot Hit the Post.
17:17 of 1st period - Snap shot by Jared Cowen.
17:17 of 1st period - Deflect By Ilya Kovalchuk.
17:17 of 1st period - Shot Misses the Net.
17:17 of 1st period - Puck is out of play.
17:18 of 1st period - Scottie Upshall wins face-off versus Nazem Kadri in Coyotes zone.
17:23 of 1st period - Snap shot by Evander Kane.
17:23 of 1st period - Stopped by Maxime Daigneault with a rebound.
17:45 of 1st period - Anton Stralman is hit by Vincent Lecavalier and loses puck.
18:36 of 1st period - Matt Martin is hit by Martin Samuelsson and loses puck.
Goals for this period are 1 for Coyotes vs 0 for Sabres.
Shots for this period are 10 for Coyotes vs 10 for Sabres.
2nd period
0:01 of 2nd period - Andrei Loktionov wins face-off versus Brad Richards in neutral zone.
0:04 of 2nd period - Wrist shot by Scottie Upshall.
0:04 of 2nd period - Stopped by Maxime Daigneault without a rebound.
0:05 of 2nd period - Scottie Upshall wins face-off versus Brad Richards in Coyotes zone.
0:16 of 2nd period - Snap shot by Evander Kane.
0:16 of 2nd period - Shot Misses the Net.
0:18 of 2nd period - Wrist shot by Evander Kane.
0:18 of 2nd period - Shot Blocked by Anton Stralman.
0:32 of 2nd period - Slapshot by Anton Stralman.
0:32 of 2nd period - Shot Misses the Net.
1:00 of 2nd period - Slapshot by Chris Neil.
1:00 of 2nd period - Shot Blocked by Jared Cowen.
1:26 of 2nd period - Snap shot by Brooks Laich.
1:26 of 2nd period - Goal by Brooks Laich - Coyotes : 2 - Sabres : 0.
1:27 of 2nd period - Andrei Loktionov wins face-off versus Brad Richards in neutral zone.
1:27 of 2nd period - Andrei Loktionov is hit by Brad Richards.
1:30 of 2nd period - Off-side.
1:31 of 2nd period - Brad Richards wins face-off versus Andrei Loktionov in neutral zone.
2:27 of 2nd period - Josh Gorges is hit by Kyle Okposo and loses puck.
4:18 of 2nd period - Kristopher Letang is hit by Zack Kassian and loses puck.
4:54 of 2nd period - Zach Parise is hit by Evander Kane and loses puck.
5:01 of 2nd period - Snap shot by Marian Gaborik.
5:01 of 2nd period - Stopped by Robin Lehner without a rebound.
5:02 of 2nd period - Brandon Sutter wins face-off versus Nazem Kadri in Sabres zone.
5:51 of 2nd period - Slapshot by Greg Zanon.
5:51 of 2nd period - Shot Misses the Net.
5:53 of 2nd period - Slapshot by Matt Donovan.
5:53 of 2nd period - Stopped by Robin Lehner with a rebound.
5:55 of 2nd period - Slapshot by Mark Bell.
5:55 of 2nd period - Stopped by Robin Lehner without a rebound.
5:56 of 2nd period - Kyle Okposo wins face-off versus Maxim Talbot in Sabres zone.
6:07 of 2nd period - Slapshot by Ilya Kovalchuk.
6:07 of 2nd period - Goal by Ilya Kovalchuk - Coyotes : 2 - Sabres : 1.
6:08 of 2nd period - Evander Kane wins face-off versus Zach Parise in neutral zone.
7:25 of 2nd period - Slapshot by Maxim Talbot.
7:25 of 2nd period - Shot Misses the Net.
7:35 of 2nd period - Brad Richards is hit by Rob Scuderi and loses puck.
7:56 of 2nd period - Zach Bogosian is hit by Jarome Iginla and loses puck.
8:07 of 2nd period - Snap shot by Jarome Iginla.
8:07 of 2nd period - Shot Misses the Net.
8:43 of 2nd period - Wrist shot by Maxim Talbot.
8:43 of 2nd period - Goal by Maxim Talbot - Coyotes : 3 - Sabres : 1.
8:44 of 2nd period - Brad Richards wins face-off versus Kyle Okposo in neutral zone.
8:55 of 2nd period - Wrist shot by Zach Parise.
8:55 of 2nd period - Stopped by Robin Lehner with a rebound.
9:00 of 2nd period - Off-side.
9:01 of 2nd period - Andrei Loktionov wins face-off versus Tyler Ennis in neutral zone.
9:11 of 2nd period - Jared Cowen is hit by Jarome Iginla and loses puck.
9:33 of 2nd period - Kyle Okposo is hit by Marian Gaborik and loses puck.
9:58 of 2nd period - Michael Del Zotto is hit by Brad Richardson.
10:12 of 2nd period - Snap shot by Vincent Lecavalier.
10:12 of 2nd period - Stopped by Maxime Daigneault with a rebound.
10:49 of 2nd period - Zach Parise is hit by Jordan Leopold.
11:02 of 2nd period - Minor Penalty to Vincent Lecavalier for Tripping.
11:03 of 2nd period - Ilya Kovalchuk wins face-off versus Brad Richards in Sabres zone.
11:13 of 2nd period - Wrist shot by Ilya Kovalchuk.
11:13 of 2nd period - Stopped by Maxime Daigneault without a rebound.
11:14 of 2nd period - Brad Richards wins face-off versus Brandon Sutter in Coyotes zone.
11:47 of 2nd period - Kristopher Letang is hit by Ilya Kovalchuk and loses puck.
13:02 of 2nd period - Penalty to Vincent Lecavalier is over, Vincent Lecavalier is back on ice.
13:10 of 2nd period - Backhand shot by Vincent Lecavalier.
13:10 of 2nd period - Shot Misses the Net.
14:07 of 2nd period - Josh Gorges is hit by Jordan Leopold and loses puck.
14:12 of 2nd period - Snap shot by Vincent Lecavalier.
14:12 of 2nd period - Shot Misses the Net.
14:36 of 2nd period - Zach Parise is hit by Zach Bogosian and loses puck.
15:01 of 2nd period - Michael Kostka is hit by Matt Donovan and loses puck.
15:15 of 2nd period - Zach Parise is hit by Darcy Hordichuk.
15:57 of 2nd period - Matt Donovan is hit by Vincent Lecavalier.
16:29 of 2nd period - Zach Bogosian is hit by Anton Stralman and loses puck.
16:41 of 2nd period - Off-side.
16:42 of 2nd period - Maxim Talbot wins face-off versus Vincent Lecavalier in neutral zone.
18:16 of 2nd period - Wrist shot by Zach Parise.
18:16 of 2nd period - Stopped by Robin Lehner with a rebound.
18:42 of 2nd period - Zack Kassian is hit by Greg Zanon and loses puck.
19:09 of 2nd period - Snap shot by Marian Gaborik.
19:09 of 2nd period - Shot Misses the Net.
19:21 of 2nd period - Slapshot by Tyler Ennis.
19:21 of 2nd period - Stopped by Robin Lehner with a rebound.
19:41 of 2nd period - Slapshot by Chris Stewart.
19:41 of 2nd period - Goal by Chris Stewart - Coyotes : 4 - Sabres : 1.
19:42 of 2nd period - Vincent Lecavalier wins face-off versus Brad Richards in neutral zone.
19:49 of 2nd period - Slapshot by Kyle Okposo.
19:49 of 2nd period - Stopped by Maxime Daigneault with a rebound.
19:55 of 2nd period - Snap shot by Zach Parise.
19:55 of 2nd period - Stopped by Robin Lehner without a rebound.
19:56 of 2nd period - Nazem Kadri wins face-off versus Andrei Loktionov in Sabres zone.
19:59 of 2nd period - Snap shot by Nazem Kadri.
19:59 of 2nd period - Shot Blocked by Scottie Upshall.
Goals for this period are 3 for Coyotes vs 1 for Sabres.
Shots for this period are 10 for Coyotes vs 5 for Sabres.
3rd period
0:01 of 3rd period - Kyle Okposo wins face-off versus Brad Richards in neutral zone.
0:04 of 3rd period - Snap shot by Zach Bogosian.
0:04 of 3rd period - Stopped by Maxime Daigneault with a rebound.
0:06 of 3rd period - Slapshot by Zach Bogosian.
0:06 of 3rd period - Stopped by Maxime Daigneault with a rebound.
0:08 of 3rd period - Slapshot by Rob Scuderi.
0:08 of 3rd period - Stopped by Maxime Daigneault without a rebound.
0:09 of 3rd period - Brad Richards wins face-off versus Vincent Lecavalier in Coyotes zone.
0:20 of 3rd period - Wrist shot by Ilya Kovalchuk.
0:20 of 3rd period - Shot Misses the Net.
0:22 of 3rd period - Backhand shot by Rob Scuderi.
0:22 of 3rd period - Shot Misses the Net.
0:24 of 3rd period - Slapshot by Rob Scuderi.
0:24 of 3rd period - Deflect By Zach Parise.
0:24 of 3rd period - Stopped by Maxime Daigneault with a rebound.
1:11 of 3rd period - Snap shot by Vincent Lecavalier.
1:11 of 3rd period - Shot Blocked by Anton Stralman.
1:13 of 3rd period - Wrist shot by Ilya Kovalchuk.
1:13 of 3rd period - Stopped by Maxime Daigneault with a rebound.
1:15 of 3rd period - Snap shot by Kyle Okposo.
1:15 of 3rd period - Stopped by Maxime Daigneault without a rebound.
1:16 of 3rd period - Nazem Kadri wins face-off versus Andrei Loktionov in Coyotes zone.
1:51 of 3rd period - Wrist shot by Mark Bell.
1:51 of 3rd period - Stopped by Robin Lehner with a rebound.
1:53 of 3rd period - Snap shot by Mark Bell.
1:53 of 3rd period - Stopped by Robin Lehner without a rebound.
1:54 of 3rd period - Maxim Talbot wins face-off versus Andrei Loktionov in Sabres zone.
1:55 of 3rd period - Wrist shot by Mark Bell.
1:55 of 3rd period - Shot Blocked by Jared Cowen.
2:07 of 3rd period - Slapshot by Andrei Loktionov.
2:07 of 3rd period - Shot Blocked by Greg Zanon.
2:09 of 3rd period - Slapshot by Andrei Loktionov.
2:09 of 3rd period - Deflect By Evander Kane.
2:09 of 3rd period - Shot Misses the Net.
2:09 of 3rd period - Puck is out of play.
2:10 of 3rd period - Brandon Sutter wins face-off versus Nazem Kadri in Coyotes zone.
2:37 of 3rd period - Marian Gaborik is hit by Evander Kane and loses puck.
2:44 of 3rd period - Slapshot by Andrei Loktionov.
2:44 of 3rd period - Shot Misses the Net.
3:08 of 3rd period - Wrist shot by Chris Stewart.
3:08 of 3rd period - Stopped by Robin Lehner without a rebound.
3:09 of 3rd period - Tyler Ennis wins face-off versus Andrei Loktionov in Sabres zone.
4:01 of 3rd period - Slapshot by Jarome Iginla.
4:01 of 3rd period - Stopped by Robin Lehner with a rebound.
4:13 of 3rd period - Slapshot by Rob Scuderi.
4:13 of 3rd period - Shot Blocked by Jarome Iginla.
4:19 of 3rd period - Zack Kassian is hit by Jarome Iginla and loses puck.
4:42 of 3rd period - Snap shot by Vincent Lecavalier.
4:42 of 3rd period - Deflect By Zack Kassian.
4:42 of 3rd period - Shot Misses the Net.
4:42 of 3rd period - Puck is out of play.
4:43 of 3rd period - Brad Richards wins face-off versus Brandon Sutter in Coyotes zone.
4:43 of 3rd period - Brad Richards is hit by Kyle Okposo.
5:19 of 3rd period - Snap shot by Evander Kane.
5:19 of 3rd period - Shot Blocked by Chris Stewart.
5:21 of 3rd period - Wrist shot by Andrei Loktionov.
5:21 of 3rd period - Deflect By Scottie Upshall.
5:21 of 3rd period - Shot Misses the Net.
5:21 of 3rd period - Puck is out of play.
5:22 of 3rd period - Brad Richards wins face-off versus Brandon Sutter in Coyotes zone.
5:33 of 3rd period - Wrist shot by Kristopher Letang.
5:33 of 3rd period - Shot Misses the Net.
5:35 of 3rd period - Slapshot by Marian Gaborik.
5:35 of 3rd period - Shot Misses the Net.
5:37 of 3rd period - Snap shot by Zach Parise.
5:37 of 3rd period - Shot Blocked by Jordan Leopold.
5:47 of 3rd period - Mark Bell is hit by Andrei Loktionov and loses puck.
6:20 of 3rd period - Darcy Hordichuk is hit by Michael Del Zotto and loses puck.
6:55 of 3rd period - Brandon Sutter is hit by Martin Samuelsson and loses puck.
8:43 of 3rd period - Darcy Hordichuk is hit by Anton Stralman.
9:03 of 3rd period - Slapshot by Anton Stralman.
9:03 of 3rd period - Stopped by Robin Lehner with a rebound.
9:09 of 3rd period - Wrist shot by Maxim Talbot.
9:09 of 3rd period - Deflect By Chris Stewart.
9:09 of 3rd period - Stopped by Robin Lehner with a rebound.
9:11 of 3rd period - Slapshot by Chris Stewart.
9:11 of 3rd period - Stopped by Robin Lehner without a rebound.
9:12 of 3rd period - Nazem Kadri wins face-off versus Brandon Sutter in Sabres zone.
9:39 of 3rd period - Jakub Kindl is hit by Greg Zanon and loses puck.
10:23 of 3rd period - Snap shot by Martin Samuelsson.
10:23 of 3rd period - Stopped by Robin Lehner with a rebound.
10:55 of 3rd period - Wrist shot by Marian Gaborik.
10:55 of 3rd period - Deflect By Brad Richardson.
10:55 of 3rd period - Shot Misses the Net.
10:55 of 3rd period - Puck is out of play.
10:56 of 3rd period - Brad Richards wins face-off versus Brandon Sutter in Sabres zone.
11:15 of 3rd period - Slapshot by Anton Stralman.
11:15 of 3rd period - Deflect By Ilya Kovalchuk.
11:15 of 3rd period - Stopped by Robin Lehner without a rebound.
11:16 of 3rd period - Nazem Kadri wins face-off versus Vincent Lecavalier in Sabres zone.
11:23 of 3rd period - Snap shot by Tyler Ennis.
11:23 of 3rd period - Stopped by Robin Lehner with a rebound.
11:54 of 3rd period - Snap shot by Andrei Loktionov.
11:54 of 3rd period - Shot Blocked by Brad Richards.
12:14 of 3rd period - Wrist shot by Brandon Sutter.
12:14 of 3rd period - Shot Blocked by Anton Stralman.
12:16 of 3rd period - Slapshot by Rob Scuderi.
12:16 of 3rd period - Stopped by Maxime Daigneault with a rebound.
12:33 of 3rd period - Slapshot by Anton Stralman.
12:33 of 3rd period - Shot Blocked by Zack Kassian.
12:39 of 3rd period - Martin Samuelsson is hit by Jakub Kindl and loses puck.
12:54 of 3rd period - Tyler Ennis is hit by Jakub Kindl and loses puck.
13:00 of 3rd period - Icing by Kristopher Letang.
13:01 of 3rd period - Andrei Loktionov wins face-off versus Nazem Kadri in Coyotes zone.
13:12 of 3rd period - Wrist shot by Nazem Kadri.
13:12 of 3rd period - Stopped by Robin Lehner with a rebound.
13:20 of 3rd period - Snap shot by Tyler Ennis.
13:20 of 3rd period - Deflect By Nazem Kadri.
13:20 of 3rd period - Stopped by Robin Lehner with a rebound.
13:22 of 3rd period - Wrist shot by Anton Stralman.
13:22 of 3rd period - Stopped by Robin Lehner without a rebound.
13:23 of 3rd period - Ilya Kovalchuk wins face-off versus Brad Richards in Sabres zone.
13:23 of 3rd period - Ilya Kovalchuk is hit by Marian Gaborik.
13:31 of 3rd period - Slapshot by Zach Bogosian.
13:31 of 3rd period - Deflect By Kyle Okposo.
13:31 of 3rd period - Shot Misses the Net.
13:31 of 3rd period - Puck is out of play.
13:32 of 3rd period - Vincent Lecavalier wins face-off versus Brad Richards in Coyotes zone.
13:51 of 3rd period - Slapshot by Vincent Lecavalier.
13:51 of 3rd period - Shot Blocked by Josh Gorges.
13:57 of 3rd period - Wrist shot by Brad Richards.
13:57 of 3rd period - Stopped by Robin Lehner with a rebound.
14:03 of 3rd period - Slapshot by Marian Gaborik.
14:03 of 3rd period - Deflect By Zach Parise.
14:03 of 3rd period - Shot Misses the Net.
14:03 of 3rd period - Puck is out of play.
14:04 of 3rd period - Nazem Kadri wins face-off versus Andrei Loktionov in Sabres zone.
14:15 of 3rd period - Slapshot by Jarome Iginla.
14:15 of 3rd period - Deflect By Tyler Ennis.
14:15 of 3rd period - Stopped by Robin Lehner with a rebound.
14:17 of 3rd period - Minor Penalty to Evander Kane for Hooking.
14:18 of 3rd period - Brad Richards wins face-off versus Brandon Sutter in Sabres zone.
15:45 of 3rd period - Michael Kostka is hit by Marian Gaborik and loses puck.
16:17 of 3rd period - Penalty to Evander Kane is over, Evander Kane is back on ice.
16:18 of 3rd period - Evander Kane is hit by Nazem Kadri and loses puck.
16:55 of 3rd period - Snap shot by Chris Neil.
16:55 of 3rd period - Stopped by Robin Lehner with a rebound.
16:57 of 3rd period - Wrist shot by Martin Samuelsson.
16:57 of 3rd period - Stopped by Robin Lehner with a rebound.
16:59 of 3rd period - Slapshot by Michael Del Zotto.
16:59 of 3rd period - Shot Blocked by Jakub Kindl.
17:28 of 3rd period - Icing by Greg Zanon.
17:29 of 3rd period - Brandon Sutter wins face-off versus Chris Neil in Coyotes zone.
17:34 of 3rd period - Snap shot by Brad Richardson.
17:34 of 3rd period - Stopped by Maxime Daigneault without a rebound.
17:35 of 3rd period - Andrei Loktionov wins face-off versus Brad Richards in Coyotes zone.
18:02 of 3rd period - Vincent Lecavalier is hit by Tyler Ennis.
18:10 of 3rd period - Slapshot by Michael Kostka.
18:10 of 3rd period - Stopped by Maxime Daigneault without a rebound.
18:11 of 3rd period - Brad Richards wins face-off versus Kyle Okposo in Coyotes zone.
18:11 of 3rd period - Brad Richards is hit by Vincent Lecavalier.
18:50 of 3rd period - Minor Penalty to Marian Gaborik for Tripping.
18:51 of 3rd period - Maxim Talbot wins face-off versus Andrei Loktionov in Coyotes zone.
18:58 of 3rd period - Off-side.
18:59 of 3rd period - Maxim Talbot wins face-off versus Andrei Loktionov in neutral zone.
19:30 of 3rd period - Wrist shot by Andrei Loktionov.
19:30 of 3rd period - Shot Blocked by Greg Zanon.
19:32 of 3rd period - Slapshot by Michael Kostka.
19:32 of 3rd period - Shot Blocked by Greg Zanon.
19:34 of 3rd period - Slapshot by Zach Bogosian.
19:34 of 3rd period - Deflect By Martin Samuelsson.
19:34 of 3rd period - Goal by Zach Bogosian - Coyotes : 4 - Sabres : 2.
19:35 of 3rd period - Nazem Kadri wins face-off versus Vincent Lecavalier in neutral zone.
Goals for this period are 0 for Coyotes vs 1 for Sabres.
Shots for this period are 17 for Coyotes vs 10 for Sabres.
Back to the Top